Connexion

TAMPA BAY Lightning vs FLORIDA Panthers (R5)

Created - 5 août 2023 at 07:38

Goals
1 2 3 T
TAMPA BAY Lightning 0 2 1 3
FLORIDA Panthers 0 0 0 0
Shots
1 2 3 T
TAMPA BAY Lightning 4 5 11 20
FLORIDA Panthers 13 5 6 24

GoalsPenalties
1st period
No Goal
Marco Scandella (T.B) for Hooking (Minor) at 1:08
Jesperi Kotkaniemi (T.B) for Tripping (Minor) at 3:10
Ivan Provorov (T.B) for High sticking (Minor) at 12:17
2nd period
1. TAMPA BAY Lightning , Marco Scandella 1 (Evander Kane 2, Rasmus Asplund 2) at 3:41 (SH)
2. TAMPA BAY Lightning , Jesperi Kotkaniemi 2 (Kent Johnson 2, Martin Fehervary 1) at 11:54
Martin Fehervary (T.B) for Hooking (Minor) at 2:24
Ian Cole (FLO) for Hooking (Minor) at 9:14
3rd period
3. TAMPA BAY Lightning , Josh Mahura 1 (Jesperi Kotkaniemi 2, Kent Johnson 3) at 12:34
Mark Scheifele (FLO) for Holding (Minor) at 1:41
Marco Scandella (T.B) for Holding (Minor) at 1:41
Mark Friedman (T.B) for Slashing (Minor) at 7:53
Oskar Sundqvist (T.B) for High sticking (Minor) at 14:16
Rickard Rakell (FLO) for Hooking (Minor) at 18:24
Goalie Stats
Martin Jones (T.B), 24 saves from 24 shots - (1,000), W, 3-0-0, 60:00 minutes
Petr Mrazek (FLO), 17 saves from 20 shots - (0,850), L, 1-3-0, 60:00 minutes
3 StarsOfficial
1 - Martin Jones (T.B)
2 - Jesperi Kotkaniemi (T.B)
3 - Josh Mahura (T.B)
Referees : Rob Martell and Rob Shick
Linesman : Don Henderson and Brad Lazarowich
Game Note
No Game Note
Finance
Level 1 -- Attendance: 6000 (100,00%) -- Ticket Income 780 000 $
Level 2 -- Attendance: 5158 (82,53%) -- Ticket Income 335 270 $
Level 3 -- Attendance: 1784 (89,20%) -- Ticket Income 89 200 $
Level 4 -- Attendance: 4000 (100,00%) -- Ticket Income 120 000 $
Luxury Box -- Attendance: 976 (97,60%) -- Ticket Income 234 240 $
Game was played at the BankAtlantic Center.
Total Attendance: 17918 (93,08%)
Total Ticket Income: 1 558 710 $
Other Income: 311 742 $
Total Income: 1 870 452 $



Team Name Goals Shots Shots Attemp Shots Blocked PIM HIT PP PK FO%
TAMPA BAY Lightning 320411214190 / 2 (0%)051%
FLORIDA Panthers 0246276250 / 6 (0%)049%

TAMPA BAY Lightning
Player Name POS G A P +/- PIM HIT SHT SB MP PP MP PP SHT PK MP PK SHT FO% FOT
Adam HenriqueC/LW0000000013:121:2000:0000% 1
Anders LeeC/LW0000025024:422:1406:22133% 3
Artem ZubD0000021422:341:2015:2900% 0
Cole SillingerC000001016:230:0000:00043% 7
Denis MalginC/LW/RW000000106:230:0000:0000% 0
Evander KaneC/LW/RW0111011022:282:1404:3100% 3
Evgeny KuznetsovC0000001024:372:1406:17048% 31
Ivan ProvorovD0001210123:042:1404:5600% 0
Jesperi KotkaniemiC/LW112221209:220:0000:00057% 7
Josh MahuraD1012012217:160:0003:0400% 0
Kent JohnsonC/LW022200009:230:0000:0000% 0
Lawson CrouseLW/RW0000013014:141:2011:0200% 0
Marco ScandellaD1011401219:281:2004:4410% 0
Mark FriedmanD0000221022:232:1415:3500% 0
Martin FehervaryD0112260215:100:0000:0000% 0
Oskar SundqvistC0000211017:211:2003:22075% 16
Peter CehlarikLW/RW000000006:230:0000:00050% 2
Rasmus AsplundC/RW0113001011:370:0002:14033% 3
FLORIDA Panthers
Player Name POS G A P +/- PIM HIT SHT SB MP PP MP PP SHT PK MP PK SHT FO% FOT
Barclay GoodrowLW/RW0000012011:390:0000:0000% 1
Carter VerhaegheC/RW0000002022:266:3000:50067% 3
Cody EakinC/LW0000002013:040:3500:00050% 10
Colton WhiteD0000020112:350:0000:4600% 0
Connor TimminsD0000000012:180:0000:2900% 0
Ian ColeD000-1231224:015:5500:3000% 0
Jacob TroubaD000-2031223:145:5912:0900% 0
Justin ScottC/LW/RW0000013012:180:0000:3900% 1
Kiril KaprizovLW000-1031122:435:2402:0500% 1
Logan BrownC000000000:080:0000:0000% 0
Mario FerraroD000-2021022:385:5901:3300% 0
Mark ScheifeleC000-2211021:045:2402:35064% 22
Michael BuntingLW000-101103:430:0000:0000% 0
Mikael BacklundC/LW0000033021:146:3020:39052% 27
Morgan GeekieC000-100003:430:0000:0000% 5
Nikolay GoldobinLW/RW000-3004022:135:2430:00050% 2
Noah HanifinD000-1022125:135:5511:4100% 0
Rickard RakellC/LW/RW000-1230020:105:5500:2000% 1



Play-by-Play

1st period


0:01 of 1st period - Mark Scheifele wins face-off versus Evgeny Kuznetsov in neutral zone.
0:24 of 1st period - Shot by Nikolay Goldobin.
0:24 of 1st period - Shot Misses the Net.
0:32 of 1st period - Shot by Evgeny Kuznetsov.
0:32 of 1st period - Shot Misses the Net.
0:34 of 1st period - Shot by Evander Kane.
0:34 of 1st period - Shot Misses the Net.
0:36 of 1st period - Shot by Anders Lee.
0:36 of 1st period - Shot Misses the Net.
1:00 of 1st period - Adam Henrique is hit by Ian Cole and loses puck.
1:08 of 1st period - Minor Penalty to Marco Scandella for Hooking.
1:09 of 1st period - Evgeny Kuznetsov wins face-off versus Mikael Backlund in TAMPA BAY Lightning zone.
1:20 of 1st period - Shot by Mikael Backlund.
1:20 of 1st period - Stopped by Martin Jones without a rebound.
1:21 of 1st period - Mikael Backlund wins face-off versus Evander Kane in TAMPA BAY Lightning zone.
1:24 of 1st period - Shot by Jacob Trouba.
1:24 of 1st period - Stopped by Martin Jones without a rebound.
1:25 of 1st period - Carter Verhaeghe wins face-off versus Evgeny Kuznetsov in TAMPA BAY Lightning zone.
1:36 of 1st period - Evander Kane is hit by Rickard Rakell and loses puck.
1:48 of 1st period - Icing by Rickard Rakell.
1:49 of 1st period - Mikael Backlund wins face-off versus Evgeny Kuznetsov in FLORIDA Panthers zone.
1:49 of 1st period - Mikael Backlund is hit by Anders Lee.
2:55 of 1st period - Shot by Nikolay Goldobin.
2:55 of 1st period - Stopped by Martin Jones without a rebound.
2:56 of 1st period - Evgeny Kuznetsov wins face-off versus Mark Scheifele in TAMPA BAY Lightning zone.
2:56 of 1st period - Evgeny Kuznetsov is hit by Kiril Kaprizov.
3:03 of 1st period - Icing by Mark Scheifele.
3:04 of 1st period - Mark Scheifele wins face-off versus Evgeny Kuznetsov in FLORIDA Panthers zone.
3:10 of 1st period - Minor Penalty to Jesperi Kotkaniemi for Tripping.
3:11 of 1st period - Mikael Backlund wins face-off versus Evgeny Kuznetsov in TAMPA BAY Lightning zone.
3:28 of 1st period - Evander Kane is hit by Rickard Rakell and loses puck.
4:11 of 1st period - Evander Kane is hit by Kiril Kaprizov and loses puck.
4:42 of 1st period - Shot by Kiril Kaprizov.
4:42 of 1st period - Shot Misses the Net.
5:13 of 1st period - Kent Johnson is hit by Colton White and loses puck.
5:22 of 1st period - Icing by Martin Fehervary.
5:23 of 1st period - Cody Eakin wins face-off versus Jesperi Kotkaniemi in TAMPA BAY Lightning zone.
5:38 of 1st period - Shot by Justin Scott.
5:38 of 1st period - Stopped by Martin Jones without a rebound.
5:39 of 1st period - Oskar Sundqvist wins face-off versus Morgan Geekie in TAMPA BAY Lightning zone.
5:45 of 1st period - Oskar Sundqvist is hit by Michael Bunting and loses puck.
5:52 of 1st period - Shot by Michael Bunting.
5:52 of 1st period - Stopped by Martin Jones without a rebound.
5:53 of 1st period - Mikael Backlund wins face-off versus Evgeny Kuznetsov in TAMPA BAY Lightning zone.
7:20 of 1st period - Shot by Mark Scheifele.
7:20 of 1st period - Shot Misses the Net.
7:32 of 1st period - Shot by Lawson Crouse.
7:32 of 1st period - Stopped by Petr Mrazek with a rebound.
7:58 of 1st period - Kent Johnson is hit by Barclay Goodrow and loses puck.
8:03 of 1st period - Shot by Cody Eakin.
8:03 of 1st period - Shot Blocked by Josh Mahura.
8:11 of 1st period - Shot by Barclay Goodrow.
8:11 of 1st period - Shot Misses the Net.
8:15 of 1st period - Shot by Cody Eakin.
8:15 of 1st period - Stopped by Martin Jones with a rebound.
8:17 of 1st period - Shot by Barclay Goodrow.
8:17 of 1st period - Stopped by Martin Jones without a rebound.
8:18 of 1st period - Cole Sillinger wins face-off versus Mikael Backlund in TAMPA BAY Lightning zone.
9:14 of 1st period - Noah Hanifin is hit by Cole Sillinger and loses puck.
9:25 of 1st period - Shot by Evander Kane.
9:25 of 1st period - Deflect By Anders Lee.
9:25 of 1st period - Shot Misses the Net.
9:27 of 1st period - Shot by Evgeny Kuznetsov.
9:27 of 1st period - Shot Blocked by Ian Cole.
9:29 of 1st period - Shot by Anders Lee.
9:29 of 1st period - Stopped by Petr Mrazek without a rebound.
9:30 of 1st period - Cody Eakin wins face-off versus Evander Kane in FLORIDA Panthers zone.
9:30 of 1st period - Cody Eakin is hit by Evander Kane.
9:39 of 1st period - Icing by Ivan Provorov.
9:40 of 1st period - Nikolay Goldobin wins face-off versus Evgeny Kuznetsov in TAMPA BAY Lightning zone.
10:04 of 1st period - Evander Kane is hit by Jacob Trouba and loses puck.
10:09 of 1st period - Shot by Evander Kane.
10:09 of 1st period - Stopped by Petr Mrazek without a rebound.
10:10 of 1st period - Oskar Sundqvist wins face-off versus Barclay Goodrow in FLORIDA Panthers zone.
10:30 of 1st period - Colton White is hit by Martin Fehervary and loses puck.
10:43 of 1st period - Shot by Justin Scott.
10:43 of 1st period - Shot Misses the Net.
10:45 of 1st period - Shot by Cody Eakin.
10:45 of 1st period - Shot Misses the Net.
10:47 of 1st period - Shot by Barclay Goodrow.
10:47 of 1st period - Shot Misses the Net.
11:02 of 1st period - Icing by Martin Fehervary.
11:03 of 1st period - Mark Scheifele wins face-off versus Oskar Sundqvist in TAMPA BAY Lightning zone.
11:03 of 1st period - Mark Scheifele is hit by Martin Fehervary.
11:08 of 1st period - Nikolay Goldobin is hit by Martin Fehervary.
11:11 of 1st period - Mark Scheifele is hit by Martin Fehervary and loses puck.
11:14 of 1st period - Shot by Nikolay Goldobin.
11:14 of 1st period - Stopped by Martin Jones without a rebound.
11:15 of 1st period - Mikael Backlund wins face-off versus Evgeny Kuznetsov in TAMPA BAY Lightning zone.
11:39 of 1st period - Anders Lee is hit by Mario Ferraro and loses puck.
12:15 of 1st period - Ian Cole is hit by Artem Zub and loses puck.
12:17 of 1st period - Minor Penalty to Ivan Provorov for High sticking.
12:18 of 1st period - Rasmus Asplund wins face-off versus Mark Scheifele in TAMPA BAY Lightning zone.
12:46 of 1st period - Kiril Kaprizov is hit by Mark Friedman and loses puck.
13:31 of 1st period - Icing by Rickard Rakell.
13:32 of 1st period - Evgeny Kuznetsov wins face-off versus Rickard Rakell in FLORIDA Panthers zone.
13:40 of 1st period - Icing by Mario Ferraro.
13:41 of 1st period - Mikael Backlund wins face-off versus Evgeny Kuznetsov in FLORIDA Panthers zone.
14:41 of 1st period - Shot by Justin Scott.
14:41 of 1st period - Shot Misses the Net.
14:43 of 1st period - Shot by Barclay Goodrow.
14:43 of 1st period - Stopped by Martin Jones without a rebound.
14:44 of 1st period - Oskar Sundqvist wins face-off versus Morgan Geekie in TAMPA BAY Lightning zone.
15:32 of 1st period - Nikolay Goldobin is hit by Oskar Sundqvist and loses puck.
16:06 of 1st period - Icing by Jacob Trouba.
16:07 of 1st period - Mikael Backlund wins face-off versus Jesperi Kotkaniemi in FLORIDA Panthers zone.
16:07 of 1st period - Mikael Backlund is hit by Jesperi Kotkaniemi.
16:15 of 1st period - Shot by Carter Verhaeghe.
16:15 of 1st period - Stopped by Martin Jones without a rebound.
16:16 of 1st period - Jesperi Kotkaniemi wins face-off versus Cody Eakin in TAMPA BAY Lightning zone.
17:26 of 1st period - Shot by Mikael Backlund.
17:26 of 1st period - Shot Misses the Net.
17:38 of 1st period - Shot by Carter Verhaeghe.
17:38 of 1st period - Shot Blocked by Josh Mahura.
17:40 of 1st period - Shot by Mario Ferraro.
17:40 of 1st period - Stopped by Martin Jones without a rebound.
17:41 of 1st period - Mark Scheifele wins face-off versus Anders Lee in TAMPA BAY Lightning zone.
17:55 of 1st period - Evgeny Kuznetsov is hit by Ian Cole and loses puck.
18:00 of 1st period - Shot by Evgeny Kuznetsov.
18:00 of 1st period - Stopped by Petr Mrazek without a rebound.
18:01 of 1st period - Cody Eakin wins face-off versus Oskar Sundqvist in FLORIDA Panthers zone.
18:22 of 1st period - Shot by Justin Scott.
18:22 of 1st period - Stopped by Martin Jones without a rebound.
18:23 of 1st period - Evgeny Kuznetsov wins face-off versus Mark Scheifele in TAMPA BAY Lightning zone.
19:30 of 1st period - Icing by Mark Friedman.
19:31 of 1st period - Evgeny Kuznetsov wins face-off versus Cody Eakin in TAMPA BAY Lightning zone.
19:31 of 1st period - Mark Friedman is hit by Justin Scott and loses puck.
19:54 of 1st period - Shot by Cody Eakin.
19:54 of 1st period - Stopped by Martin Jones with a rebound.
19:56 of 1st period - Shot by Colton White.
19:56 of 1st period - Deflect By Cody Eakin.
19:56 of 1st period - Shot Blocked by Artem Zub.
19:58 of 1st period - Shot by Cody Eakin.
19:58 of 1st period - Shot Misses the Net.
Goals for this period are 0 for TAMPA BAY Lightning vs 0 for FLORIDA Panthers.
Shots for this period are 4 for TAMPA BAY Lightning vs 13 for FLORIDA Panthers.

2nd period


0:01 of 2nd period - Mark Scheifele wins face-off versus Evander Kane in neutral zone.
0:10 of 2nd period - Shot by Nikolay Goldobin.
0:10 of 2nd period - Shot Blocked by Artem Zub.
0:12 of 2nd period - Shot by Ian Cole.
0:12 of 2nd period - Stopped by Martin Jones without a rebound.
0:13 of 2nd period - Oskar Sundqvist wins face-off versus Mikael Backlund in TAMPA BAY Lightning zone.
2:21 of 2nd period - Off-side.
2:22 of 2nd period - Mikael Backlund wins face-off versus Jesperi Kotkaniemi in neutral zone.
2:24 of 2nd period - Minor Penalty to Martin Fehervary for Hooking.
2:25 of 2nd period - Anders Lee wins face-off versus Mikael Backlund in TAMPA BAY Lightning zone.
2:30 of 2nd period - Shot by Anders Lee.
2:30 of 2nd period - Shot Misses the Net.
2:52 of 2nd period - Shot by Mikael Backlund.
2:52 of 2nd period - Stopped by Martin Jones without a rebound.
2:53 of 2nd period - Evgeny Kuznetsov wins face-off versus Mark Scheifele in TAMPA BAY Lightning zone.
3:37 of 2nd period - Shot by Rasmus Asplund.
3:37 of 2nd period - Shot Hit the Post.
3:39 of 2nd period - Shot by Evander Kane.
3:39 of 2nd period - Shot Blocked by Ian Cole.
3:41 of 2nd period - Shot by Marco Scandella.
3:41 of 2nd period - Goal by Marco Scandella - TAMPA BAY Lightning : 1 - FLORIDA Panthers : 0.
3:42 of 2nd period - Mikael Backlund wins face-off versus Evgeny Kuznetsov in neutral zone.
4:03 of 2nd period - Shot by Mario Ferraro.
4:03 of 2nd period - Shot Blocked by Artem Zub.
6:21 of 2nd period - Shot by Carter Verhaeghe.
6:21 of 2nd period - Stopped by Martin Jones with a rebound.
6:47 of 2nd period - Shot by Kiril Kaprizov.
6:47 of 2nd period - Shot Misses the Net.
8:23 of 2nd period - Shot by Nikolay Goldobin.
8:23 of 2nd period - Shot Misses the Net.
8:25 of 2nd period - Shot by Mark Scheifele.
8:25 of 2nd period - Stopped by Martin Jones without a rebound.
8:26 of 2nd period - Mark Scheifele wins face-off versus Cole Sillinger in TAMPA BAY Lightning zone.
8:34 of 2nd period - Off-side.
8:35 of 2nd period - Evgeny Kuznetsov wins face-off versus Mikael Backlund in neutral zone.
9:01 of 2nd period - Off-side.
9:02 of 2nd period - Oskar Sundqvist wins face-off versus Mark Scheifele in neutral zone.
9:14 of 2nd period - Minor Penalty to Ian Cole for Hooking.
9:15 of 2nd period - Mark Scheifele wins face-off versus Evgeny Kuznetsov in FLORIDA Panthers zone.
9:36 of 2nd period - Shot by Mark Friedman.
9:36 of 2nd period - Shot Blocked by Kiril Kaprizov.
11:20 of 2nd period - Shot by Rasmus Asplund.
11:20 of 2nd period - Shot Blocked by Jacob Trouba.
11:54 of 2nd period - Shot by Jesperi Kotkaniemi.
11:54 of 2nd period - Goal by Jesperi Kotkaniemi - TAMPA BAY Lightning : 2 - FLORIDA Panthers : 0.
11:55 of 2nd period - Cole Sillinger wins face-off versus Justin Scott in neutral zone.
12:00 of 2nd period - Icing by Barclay Goodrow.
12:01 of 2nd period - Oskar Sundqvist wins face-off versus Cody Eakin in FLORIDA Panthers zone.
12:33 of 2nd period - Icing by Artem Zub.
12:34 of 2nd period - Oskar Sundqvist wins face-off versus Mark Scheifele in TAMPA BAY Lightning zone.
12:34 of 2nd period - Lawson Crouse is hit by Rickard Rakell and loses puck.
12:45 of 2nd period - Shot by Adam Henrique.
12:45 of 2nd period - Shot Hit the Post.
12:54 of 2nd period - Icing by Noah Hanifin.
12:55 of 2nd period - Evgeny Kuznetsov wins face-off versus Mark Scheifele in FLORIDA Panthers zone.
13:40 of 2nd period - Shot by Anders Lee.
13:40 of 2nd period - Stopped by Petr Mrazek without a rebound.
13:41 of 2nd period - Jesperi Kotkaniemi wins face-off versus Mikael Backlund in FLORIDA Panthers zone.
14:18 of 2nd period - Shot by Jesperi Kotkaniemi.
14:18 of 2nd period - Shot Misses the Net.
14:24 of 2nd period - Shot by Kent Johnson.
14:24 of 2nd period - Shot Misses the Net.
14:55 of 2nd period - Martin Fehervary is hit by Colton White and loses puck.
15:14 of 2nd period - Shot by Justin Scott.
15:14 of 2nd period - Stopped by Martin Jones with a rebound.
16:55 of 2nd period - Shot by Adam Henrique.
16:55 of 2nd period - Shot Misses the Net.
16:58 of 2nd period - Icing by Carter Verhaeghe.
16:59 of 2nd period - Mikael Backlund wins face-off versus Cole Sillinger in FLORIDA Panthers zone.
17:12 of 2nd period - Shot by Denis Malgin.
17:12 of 2nd period - Stopped by Petr Mrazek without a rebound.
17:13 of 2nd period - Oskar Sundqvist wins face-off versus Cody Eakin in FLORIDA Panthers zone.
17:24 of 2nd period - Shot by Lawson Crouse.
17:24 of 2nd period - Shot Misses the Net.
17:32 of 2nd period - Shot by Oskar Sundqvist.
17:32 of 2nd period - Shot Blocked by Colton White.
17:34 of 2nd period - Shot by Mark Friedman.
17:34 of 2nd period - Shot Misses the Net.
17:36 of 2nd period - Shot by Lawson Crouse.
17:36 of 2nd period - Stopped by Petr Mrazek without a rebound.
17:37 of 2nd period - Mikael Backlund wins face-off versus Peter Cehlarik in FLORIDA Panthers zone.
18:24 of 2nd period - Icing by Noah Hanifin.
18:25 of 2nd period - Evgeny Kuznetsov wins face-off versus Mikael Backlund in FLORIDA Panthers zone.
18:34 of 2nd period - Shot by Anders Lee.
18:34 of 2nd period - Shot Blocked by Noah Hanifin.
18:41 of 2nd period - Evander Kane is hit by Noah Hanifin.
19:13 of 2nd period - Shot by Rickard Rakell.
19:13 of 2nd period - Shot Misses the Net.
Goals for this period are 2 for TAMPA BAY Lightning vs 0 for FLORIDA Panthers.
Shots for this period are 5 for TAMPA BAY Lightning vs 5 for FLORIDA Panthers.

3rd period


0:01 of 3rd period - Mark Scheifele wins face-off versus Evgeny Kuznetsov in neutral zone.
0:13 of 3rd period - Icing by Artem Zub.
0:14 of 3rd period - Evgeny Kuznetsov wins face-off versus Mikael Backlund in TAMPA BAY Lightning zone.
0:14 of 3rd period - Evgeny Kuznetsov is hit by Mikael Backlund.
0:54 of 3rd period - Shot by Mikael Backlund.
0:54 of 3rd period - Stopped by Martin Jones without a rebound.
0:55 of 3rd period - Oskar Sundqvist wins face-off versus Nikolay Goldobin in TAMPA BAY Lightning zone.
1:04 of 3rd period - Shot by Lawson Crouse.
1:04 of 3rd period - Deflect By Oskar Sundqvist.
1:04 of 3rd period - Stopped by Petr Mrazek without a rebound.
1:05 of 3rd period - Mark Scheifele wins face-off versus Oskar Sundqvist in FLORIDA Panthers zone.
1:05 of 3rd period - Mark Scheifele is hit by Lawson Crouse.
1:32 of 3rd period - Shot by Rickard Rakell.
1:32 of 3rd period - Shot Blocked by Marco Scandella.
1:39 of 3rd period - Rickard Rakell is hit by Mark Friedman and loses puck.
1:41 of 3rd period - Minor Penalty to Mark Scheifele for Holding.
1:41 of 3rd period - Minor Penalty to Marco Scandella for Holding.
1:42 of 3rd period - Evgeny Kuznetsov wins face-off versus Carter Verhaeghe in TAMPA BAY Lightning zone.
1:53 of 3rd period - Shot by Anders Lee.
1:53 of 3rd period - Stopped by Petr Mrazek without a rebound.
1:54 of 3rd period - Carter Verhaeghe wins face-off versus Evgeny Kuznetsov in FLORIDA Panthers zone.
2:24 of 3rd period - Shot by Anders Lee.
2:24 of 3rd period - Shot Misses the Net.
2:35 of 3rd period - Carter Verhaeghe is hit by Artem Zub and loses puck.
2:38 of 3rd period - Shot by Mario Ferraro.
2:38 of 3rd period - Shot Blocked by Martin Fehervary.
3:04 of 3rd period - Shot by Evander Kane.
3:04 of 3rd period - Shot Misses the Net.
3:46 of 3rd period - Shot by Josh Mahura.
3:46 of 3rd period - Stopped by Petr Mrazek without a rebound.
3:47 of 3rd period - Jesperi Kotkaniemi wins face-off versus Morgan Geekie in FLORIDA Panthers zone.
4:04 of 3rd period - Icing by Rasmus Asplund.
4:05 of 3rd period - Jesperi Kotkaniemi wins face-off versus Kiril Kaprizov in TAMPA BAY Lightning zone.
4:05 of 3rd period - Jesperi Kotkaniemi is hit by Mikael Backlund.
5:12 of 3rd period - Anders Lee is hit by Noah Hanifin and loses puck.
5:26 of 3rd period - Shot by Anders Lee.
5:26 of 3rd period - Stopped by Petr Mrazek without a rebound.
5:27 of 3rd period - Oskar Sundqvist wins face-off versus Cody Eakin in FLORIDA Panthers zone.
6:51 of 3rd period - Shot by Nikolay Goldobin.
6:51 of 3rd period - Shot Misses the Net.
6:53 of 3rd period - Shot by Nikolay Goldobin.
6:53 of 3rd period - Shot Misses the Net.
6:55 of 3rd period - Shot by Ian Cole.
6:55 of 3rd period - Shot Misses the Net.
6:57 of 3rd period - Shot by Rickard Rakell.
6:57 of 3rd period - Shot Misses the Net.
6:59 of 3rd period - Shot by Noah Hanifin.
6:59 of 3rd period - Stopped by Martin Jones without a rebound.
7:00 of 3rd period - Peter Cehlarik wins face-off versus Mikael Backlund in TAMPA BAY Lightning zone.
7:23 of 3rd period - Denis Malgin is hit by Jacob Trouba and loses puck.
7:31 of 3rd period - Peter Cehlarik is hit by Mario Ferraro and loses puck.
7:34 of 3rd period - Shot by Josh Mahura.
7:34 of 3rd period - Shot Blocked by Jacob Trouba.
7:53 of 3rd period - Minor Penalty to Mark Friedman for Slashing.
7:54 of 3rd period - Mark Scheifele wins face-off versus Anders Lee in TAMPA BAY Lightning zone.
7:57 of 3rd period - Shot by Nikolay Goldobin.
7:57 of 3rd period - Stopped by Martin Jones with a rebound.
8:11 of 3rd period - Shot by Anders Lee.
8:11 of 3rd period - Stopped by Petr Mrazek without a rebound.
8:12 of 3rd period - Evgeny Kuznetsov wins face-off versus Mikael Backlund in FLORIDA Panthers zone.
8:27 of 3rd period - Shot by Noah Hanifin.
8:27 of 3rd period - Shot Hit the Post.
8:29 of 3rd period - Shot by Noah Hanifin.
8:29 of 3rd period - Shot Misses the Net.
8:31 of 3rd period - Shot by Rickard Rakell.
8:31 of 3rd period - Shot Blocked by Artem Zub.
9:15 of 3rd period - Evgeny Kuznetsov is hit by Kiril Kaprizov and loses puck.
10:08 of 3rd period - Shot by Rasmus Asplund.
10:08 of 3rd period - Stopped by Petr Mrazek without a rebound.
10:09 of 3rd period - Cole Sillinger wins face-off versus Morgan Geekie in FLORIDA Panthers zone.
10:17 of 3rd period - Icing by Colton White.
10:18 of 3rd period - Oskar Sundqvist wins face-off versus Morgan Geekie in FLORIDA Panthers zone.
10:36 of 3rd period - Icing by Mark Friedman.
10:37 of 3rd period - Cody Eakin wins face-off versus Oskar Sundqvist in TAMPA BAY Lightning zone.
10:38 of 3rd period - Shot by Justin Scott.
10:38 of 3rd period - Shot Misses the Net.
11:57 of 3rd period - Mark Scheifele is hit by Anders Lee and loses puck.
12:25 of 3rd period - Rasmus Asplund is hit by Jacob Trouba and loses puck.
12:32 of 3rd period - Shot by Jesperi Kotkaniemi.
12:32 of 3rd period - Stopped by Petr Mrazek with a rebound.
12:34 of 3rd period - Shot by Josh Mahura.
12:34 of 3rd period - Goal by Josh Mahura - TAMPA BAY Lightning : 3 - FLORIDA Panthers : 0.
12:35 of 3rd period - Mikael Backlund wins face-off versus Cole Sillinger in neutral zone.
12:43 of 3rd period - Icing by Connor Timmins.
12:44 of 3rd period - Mikael Backlund wins face-off versus Adam Henrique in FLORIDA Panthers zone.
12:51 of 3rd period - Shot by Kiril Kaprizov.
12:51 of 3rd period - Stopped by Martin Jones without a rebound.
12:52 of 3rd period - Evgeny Kuznetsov wins face-off versus Mikael Backlund in TAMPA BAY Lightning zone.
12:56 of 3rd period - Icing by Ivan Provorov.
12:57 of 3rd period - Mikael Backlund wins face-off versus Evgeny Kuznetsov in TAMPA BAY Lightning zone.
12:57 of 3rd period - Carter Verhaeghe is hit by Ivan Provorov and loses puck.
13:03 of 3rd period - Icing by Artem Zub.
13:04 of 3rd period - Evgeny Kuznetsov wins face-off versus Mikael Backlund in TAMPA BAY Lightning zone.
13:04 of 3rd period - Evgeny Kuznetsov is hit by Mikael Backlund.
13:35 of 3rd period - Anders Lee is hit by Ian Cole.
14:16 of 3rd period - Minor Penalty to Oskar Sundqvist for High sticking.
14:17 of 3rd period - Mark Scheifele wins face-off versus Rasmus Asplund in TAMPA BAY Lightning zone.
14:26 of 3rd period - Shot by Nikolay Goldobin.
14:26 of 3rd period - Stopped by Martin Jones without a rebound.
14:27 of 3rd period - Evgeny Kuznetsov wins face-off versus Mikael Backlund in TAMPA BAY Lightning zone.
14:46 of 3rd period - Shot by Mikael Backlund.
14:46 of 3rd period - Shot Misses the Net.
14:48 of 3rd period - Shot by Mikael Backlund.
14:48 of 3rd period - Shot Misses the Net.
14:50 of 3rd period - Shot by Noah Hanifin.
14:50 of 3rd period - Shot Blocked by Marco Scandella.
14:52 of 3rd period - Shot by Noah Hanifin.
14:52 of 3rd period - Stopped by Martin Jones without a rebound.
14:53 of 3rd period - Mark Scheifele wins face-off versus Rasmus Asplund in TAMPA BAY Lightning zone.
15:14 of 3rd period - Shot by Mario Ferraro.
15:14 of 3rd period - Shot Misses the Net.
15:16 of 3rd period - Shot by Mario Ferraro.
15:16 of 3rd period - Shot Misses the Net.
15:18 of 3rd period - Shot by Kiril Kaprizov.
15:18 of 3rd period - Shot Blocked by Ivan Provorov.
16:28 of 3rd period - Icing by Josh Mahura.
16:29 of 3rd period - Cody Eakin wins face-off versus Cole Sillinger in TAMPA BAY Lightning zone.
16:29 of 3rd period - Colton White is hit by Martin Fehervary and loses puck.
16:38 of 3rd period - Shot by Cody Eakin.
16:38 of 3rd period - Shot Blocked by Cole Sillinger.
16:40 of 3rd period - Shot by Cody Eakin.
16:40 of 3rd period - Shot Blocked by Martin Fehervary.
16:42 of 3rd period - Shot by Barclay Goodrow.
16:42 of 3rd period - Shot Misses the Net.
16:49 of 3rd period - Justin Scott is hit by Martin Fehervary.
16:58 of 3rd period - Justin Scott is hit by Josh Mahura.
17:06 of 3rd period - Shot by Justin Scott.
17:06 of 3rd period - Shot Misses the Net.
18:22 of 3rd period - Evgeny Kuznetsov is hit by Mark Scheifele and loses puck.
18:24 of 3rd period - Minor Penalty to Rickard Rakell for Hooking.
18:25 of 3rd period - Mark Scheifele wins face-off versus Evgeny Kuznetsov in FLORIDA Panthers zone.
18:52 of 3rd period - Shot by Mark Friedman.
18:52 of 3rd period - Stopped by Petr Mrazek without a rebound.
18:53 of 3rd period - Oskar Sundqvist wins face-off versus Mark Scheifele in FLORIDA Panthers zone.
19:20 of 3rd period - Shot by Lawson Crouse.
19:20 of 3rd period - Stopped by Petr Mrazek with a rebound.
19:22 of 3rd period - Shot by Artem Zub.
19:22 of 3rd period - Stopped by Petr Mrazek without a rebound.
19:23 of 3rd period - Mark Scheifele wins face-off versus Evgeny Kuznetsov in FLORIDA Panthers zone.
Goals for this period are 1 for TAMPA BAY Lightning vs 0 for FLORIDA Panthers.
Shots for this period are 11 for TAMPA BAY Lightning vs 6 for FLORIDA Panthers.